 Dungeon Crawl Stone Soup version 0.18.1-8-gdd0e5ea (webtiles) character file.

10439 Gargoyl the Protected (level 11, -10/75 HPs)
             Began as a Demonspawn Abyssal Knight on May 31, 2016.
             Was a High Priest of Lugonu.
             Mangled by an orc warrior
             ... wielding a +2 flail of protection
              (16 damage)
             ... on level 2 of the Orcish Mines on June 1, 2016.
             The game lasted 00:32:58 (10874 turns).

Gargoyl the Protected (Demonspawn Abyssal Knight)  Turns: 10874, Time: 00:32:59

Health: -10/75     AC: 29    Str: 25    XL:     11   Next: 36%
Magic:  10/13      EV: 13    Int: 13    God:    Lugonu [*****.]
Gold:   653        SH: 17    Dex: 20    Spells: 0 memorised, 10 levels left

rFire  x . .     SeeInvis .     w - +1 war axe
rCold  + . .     Gourm    .     i - +1 plate armour {rN+}
rNeg   + . .     Faith    .     H - +0 large shield
rPois  .         Spirit   .     (helmet restricted)
rElec  .         Dismiss  .     (no cloak)
rCorr  .         Reflect  .     v - +1 pair of gloves {Dex+3}
SustAt .         Harm     .     u - +2 pair of boots
MR     +....                    E - amulet of regeneration
Stlth  ..........               s - ring of Leaves {Ice Str+6}
                                M - +2 ring of slaying

@: agile, very slightly contaminated, somewhat resistant to hostile
enchantments, extremely unstealthy
A: hooves 1, horns 2, iridescent scales 3, dopey 1, frail 1, magic resistance 1,
powered by death 2, powered by pain 2, strong 2, wild magic 1, evolution 1
a: Depart the Abyss, Bend Space, Banish, Corrupt, Enter the Abyss, Renounce
Religion


You were on level 2 of the Orcish Mines.
You worshipped Lugonu.
Lugonu was extremely pleased with you.
You were near starving.

You visited 2 branches of the dungeon, and saw 13 of its levels.
You visited the Abyss 2 times.

You collected 1091 gold pieces.
You spent 438 gold pieces at shops.

Inventory:

Hand Weapons
 a - a +1 flail of draining
 w - a +1 war axe (weapon)
Missiles
 x - 10 tomahawks of returning (quivered)
Armour
 i - a +1 plate armour of positive energy (worn)
 u - a +2 pair of boots (worn)
 v - a +1 pair of gloves of dexterity (worn)
 H - a +0 large shield (worn)
Jewellery
 e - an uncursed ring of protection from fire
 l - an uncursed ring of fire
 s - the ring of Leaves (right hand) {Ice Str+6}
   (You found it on level 6 of the Dungeon)

   [ring of ice]

   It enhances your ice magic, and weakens your fire magic.
   It affects your strength (+6).
   It makes you vulnerable to fire.
   It protects you from cold.
 E - an amulet of regeneration (around neck)
 L - a cursed ring of loudness {unknown}
 M - a +2 ring of slaying (left hand)
 R - a cursed ring of teleportation {unknown}
Wands
 k - a wand of digging (23/24)
 n - a wand of polymorph (10/24)
 G - a wand of paralysis (11/24)
Scrolls
 f - a scroll of amnesia
 g - 6 scrolls of magic mapping
 j - 7 scrolls of identify
 m - a scroll of recharging
 r - 2 scrolls of enchant weapon
 N - a scroll of remove curse
Potions
 d - a potion of might
 h - 8 potions of curing
 o - a potion of magic
 z - a potion of haste
 F - a potion of brilliance
 O - a potion of mutation {unknown}
 P - a potion of cancellation {unknown}
Books
 b - a book of Debilitation

   Spells                             Type                      Level
   a - Corona                         Hexes                        1
   b - Slow                           Hexes                        2
   c - Gell's Gravitas                Hexes/Translocation          3
   d - Inner Flame                    Hexes/Fire                   3
   e - Cause Fear                     Hexes                        4
   f - Leda's Liquefaction            Hexes/Earth                  4
 t - a Fen Folio

   Spells                             Type                      Level
   a - Corpse Rot                     Necromancy                   2
   b - Stone Arrow                    Conjuration/Earth            3
   c - Leda's Liquefaction            Hexes/Earth                  4
   d - Summon Forest                  Summoning/Translocation      5
   e - Hydra Form                     Transmutation                6
   f - Summon Hydra                   Summoning                    7
 y - a book of the Earth

   Spells                             Type                      Level
   a - Leda's Liquefaction            Hexes/Earth                  4
   b - Bolt of Magma                  Conjuration/Fire/Earth       5
   c - Statue Form                    Transmutation/Earth          6
   d - Iron Shot                      Conjuration/Earth            6
   e - Shatter                        Earth                        9
 A - a book of the Sky

   Spells                             Type                      Level
   a - Summon Lightning Spire         Summoning/Air                4
   b - Airstrike                      Air                          4
   c - Silence                        Hexes/Air                    5
   d - Deflect Missiles               Charms/Air                   6
   e - Conjure Ball Lightning         Conjuration/Air              6
   f - Tornado                        Air                          9
 B - a book of Death

   Spells                             Type                      Level
   a - Corpse Rot                     Necromancy                   2
   b - Sublimation of Blood           Necromancy                   2
   c - Agony                          Necromancy                   5
   d - Dispel Undead                  Necromancy                   5
   e - Excruciating Wounds            Charms/Necromancy            5
   f - Bolt of Draining               Conjuration/Necromancy       5
 J - an Akashic Record

   Spells                             Type                      Level
   a - Dispersal                      Translocation                6
   b - Malign Gateway                 Summoning/Translocation      7
   c - Disjunction                    Translocation                8
   d - Controlled Blink               Translocation                8
 T - a book of Envenomations

   Spells                             Type                      Level
   a - Spider Form                    Transmutation/Poison         3
   b - Olgreb's Toxic Radiance        Poison                       4
   c - Alistair's Intoxication        Transmutation/Poison         5
   d - Poisonous Cloud                Conjuration/Poison/Air       6
Miscellaneous
 Q - a box of beasts
Comestibles
 c - 9 bread rations
 p - 2 beef jerkies
 q - 4 slices of pizza
 C - 2 meat rations
 D - 2 royal jellies
 K - 2 fruits


   Skills:
 + Level 7.4 Fighting
 + Level 7.4 Axes
 + Level 0.1 Throwing
 * Level 9.4 Armour
 + Level 5.8 Dodging
 + Level 1.5 Stealth
 + Level 7.7 Shields
 + Level 3.1 Invocations


You had 10 spell levels left.
You didn't know any spells.

Dungeon Overview and Level Annotations

Branches:
Dungeon (11/15)            Temple (0/1) D:7            Lair (0/8) D:9
    Orc (2/2) D:11
    Elf: Orc:2

Altars:
Dithmenos
Elyvilon
Fedhas
Gozag
Makhleb
Nemelex Xobeh
Pakellas
Qazlal
Ru
Sif Muna
Vehumet
Xom
Zin
The Shining One

Shops:
D:5 [(}   Orc:2 *%


Innate Abilities, Weirdness & Mutations

You have large cloven feet.
You are completely covered in iridescent scales (AC +8).
You regenerate health from kills.
You sometimes gain power by taking damage.
You have a pair of horns on your head.
You are dopey. (Int -2)
You are frail (-10% HP).
You are resistant to hostile enchantments.
Your muscles are very strong. (Str +4)
Your spells are a little harder to cast, but a little more powerful.
You evolve.


Message History

You block the orc's attack. The orc knight closely misses you.
The orc sorcerer casts a spell.
You block the orc warrior's attack. x2
An orc warrior comes into view. It is wielding a flail of protection.
The orc warrior shouts!
You hit the orc.
The orc is almost dead.
You hit the orc warrior but do no damage.
You hit the orc warrior.
The orc warrior is moderately wounded.
Your shield and plate armour prevent you from hitting the orc knight.
You closely miss the orc warrior. You block the orange demon's attack.
You block the orc's attack.
The orc warrior hits you with a long sword!!
* * * LOW HITPOINT WARNING * * *
The orc knight roars a battlecry!
The orcs go into a battle-frenzy!
The orc knight completely misses you.
The orc warrior hits you with a flail of protection!
You die...

.. ... ## ...
##.# ... #∩.∩#
$.. ...# ...
.#.#oo#
.#.......
.....oo##
......... #oo@#
#.......
...o4oooo#
##..$..#.
...oo#4#o4##
#........ .o#.
oo #5o##
#........ . #
... #45##
#.o.#... ##..
##.o####....o4.
##.
##o3##.#..#...
##
##5[5....#...
##..5#.###..


You could see an orc knight, 2 orange demons, an ice devil, a sixfirhy, a
ynoxinul, an orc sorcerer, 6 orc warriors, 5 orc priests, 7 orcs and 3 ufetubi.

Vanquished Creatures
  2 unseen horrors
  A hill giant (D:10)
  The ghost of Leafly the Shield-Bearer, a novice FoFi of Dithmenos (D:8)
  2 orc sorcerers (Orc:1)
  A cyclops (D:11)
  5 yaks (D:11)
  A wyvern (D:10)
  Eustachio (D:6)
  A hungry ghost (D:8)
  2 hippogriffs
  A warg (Orc:2)
  A mottled dragon (D:11)
  8 orc warriors
  Duvessa (D:4)
  3 sky beasts
  An ice beast (D:10)
  A black bear (D:9)
  5 ogres
  4 centaurs
  2 crocodiles (D:9)
  3 giant frogs (D:10)
  Dowan (D:4)
  10 killer bees
  2 wights (D:8)
  2 howler monkeys (D:10)
  A wasp zombie (D:9)
  4 crimson imps
  A centaur zombie (D:8)
  A giant frog skeleton (D:5)
  A giant frog zombie (D:6)
  2 hounds
  25 orc wizards
  15 orc priests
  6 worker ants
  7 iguanas
  A statue (D:7)
  3 sheep (D:11)
  2 hound zombies (D:9)
  A hound skeleton (D:10)
  2 mummies (D:8)
  2 worker ant zombies
  2 river rats (D:9)
  17 adders
  A howler monkey skeleton (D:7)
  2 oozes
  An adder skeleton (D:5)
  2 worms
  3 dart slugs
  3 giant geckos
  89 orcs
  7 giant cockroaches
  13 goblins
  13 hobgoblins
  7 jackals
  8 kobolds
  4 quokkas
  2 ball pythons
  10 bats
  A giant gecko zombie (D:6)
  7 giant newts
  A jackal skeleton (D:6)
  A jackal zombie (D:8)
  25 rats
  A fungus (D:9)
356 creatures vanquished.

Vanquished Creatures (others)
  Sigmund (D:4)
  The ghost of lupus83 the Conjurer, an amateur DECj (D:4)
  A crimson imp (D:5)
  3 fulminant prisms (D:4)
  A fungus (D:9)
  A withered plant (D:8)
8 creatures vanquished.

Grand Total: 364 creatures vanquished

Notes
Turn   | Place    | Note
--------------------------------------------------------------
     0 | Abyss:1  | Gargoyl the Demonspawn Abyssal Knight began the quest for the Orb.
     0 | Abyss:1  | Reached XP level 1. HP: 18/18 MP: 2/2
   104 | Abyss:2  | Noticed a smoke demon
   105 | D:1      | Escaped the Abyss
   187 | D:1      | Reached * piety under Lugonu
   195 | D:1      | Reached skill level 1 in Dodging
   219 | D:1      | Gained mutation: You are partially covered in iridescent scales (AC +4). [demonic ancestry]
   219 | D:1      | Reached XP level 2. HP: 22/24 MP: 3/3
   639 | D:1      | Reached XP level 3. HP: 29/30 MP: 4/4
  1186 | D:2      | Found a faded altar to an unknown god.
  1282 | D:2      | Found a sparkling altar of Nemelex Xobeh.
  1290 | D:2      | Reached ** piety under Lugonu
  1304 | D:2      | Gained mutation: You have large cloven feet. [demonic ancestry]
  1304 | D:2      | Reached XP level 4. HP: 33/37 MP: 5/5
  1332 | D:2      | Found a deep blue altar of Sif Muna.
  1342 | D:2      | Found a stormy altar of Qazlal.
  1462 | D:2      | Found a glowing silver altar of Zin.
  1612 | D:2      | Reached skill level 2 in Armour
  1929 | D:3      | Found a burning altar of Makhleb.
  1975 | D:3      | Gained mutation: You are mostly covered in iridescent scales (AC +6). [demonic ancestry]
  1975 | D:3      | Reached XP level 5. HP: 13/42 MP: 6/6
  2268 | D:3      | Reached *** piety under Lugonu
  2633 | D:3      | Found a shadowy altar of Dithmenos.
  2927 | D:4      | Noticed Duvessa
  2927 | D:4      | Noticed Dowan
  3372 | D:4      | Killed Duvessa
  3372 | D:4      | Reached skill level 3 in Armour
  3372 | D:4      | Gained mutation: You regenerate a little health from kills. [demonic ancestry]
  3372 | D:4      | Reached XP level 6. HP: 40/49 MP: 7/7
  3380 | D:4      | Killed Dowan
  3622 | D:4      | Noticed lupus83's ghost (amateur DECj)
  3630 | D:4      | Noticed Sigmund
  3638 | D:4      | Killed lupus83's ghost
  3638 | D:4      | Killed Sigmund
  3668 | D:4      | HP: 2/49 [poisoned by lupus83's ghost]
  3678 | D:4      | HP: 2/49 [poisoned by lupus83's ghost]
  3684 | D:4      | HP: 1/49 [poisoned by lupus83's ghost]
  3690 | D:4      | HP: 1/49 [poisoned by lupus83's ghost]
  4033 | D:4      | Found a shimmering altar of Xom.
  4034 | D:4      | Found a shimmering altar of Xom.
  4049 | D:4      | Found an opulent altar of Gozag.
  4338 | D:4      | Found a shimmering altar of Xom.
  4407 | D:5      | Entered Level 5 of the Dungeon
  4428 | D:5      | Reached skill level 4 in Armour
  4428 | D:5      | Gained mutation: You sometimes gain a little power by taking damage. [demonic ancestry]
  4428 | D:5      | Reached XP level 7. HP: 46/55 MP: 8/8
  4877 | D:5      | Found a white marble altar of Elyvilon.
  4970 | D:5      | Found Keoqoz's Armour Shop.
  5021 | D:5      | Bought a +0 large shield for 54 gold pieces
  5045 | D:5      | Found Siotupsait's Weapon Emporium.
  5065 | D:5      | Reached **** piety under Lugonu
  5067 | D:5      | Reached skill level 1 in Stealth
  5186 | D:5      | Found Vibovo's Gadget Shoppe.
  5233 | D:5      | Found an oddly glowing altar of Pakellas.
  5339 | D:6      | Noticed Eustachio
  5390 | D:6      | Killed Eustachio
  5390 | D:6      | Reached skill level 1 in Shields
  5390 | D:6      | Reached XP level 8. HP: 53/61 MP: 10/10
  5530 | D:6      | Reached skill level 5 in Fighting
  5570 | D:6      | Reached skill level 5 in Armour
  5581 | D:6      | Gained mutation: You are dopey. (Int -2) [mutagenic meat]
  5582 | D:6      | Gained mutation: You have a pair of small horns on your head. [mutagenic meat]
  5583 | D:6      | Gained mutation: Your spells are a little harder to cast, but a little more powerful. [mutagenic meat]
  5863 | D:6      | Got a translucent lead ring
  5925 | D:7      | Found a staircase to the Ecumenical Temple.
  5930 | D:7      | Gained mutation: Your muscles are strong. (Str +2) [mutagenic meat]
  5931 | D:7      | Gained mutation: You are clumsy. (Dex -2) [mutagenic meat]
  5932 | D:7      | Gained mutation: You are resistant to hostile enchantments. [mutagenic meat]
  5933 | D:7      | Gained mutation: You are frail (-10% HP). [mutagenic meat]
  5939 | D:7      | Identified the ring of Leaves {Ice Str+6} (You found it on level 6 of the Dungeon)
  5999 | D:7      | You fall through a shaft for 3 floors!
  5999 | D:10     | Entered Level 10 of the Dungeon
  6364 | D:10     | Reached skill level 5 in Axes
  6475 | D:9      | Gained mutation: You are completely covered in iridescent scales (AC +8). [demonic ancestry]
  6475 | D:9      | Reached XP level 9. HP: 54/61 MP: 11/11
  6562 | D:8      | Found a blossoming altar of Fedhas.
  6563 | D:8      | Found a sacrificial altar of Ru.
  6632 | D:8      | Found a glowing golden altar of the Shining One.
  6735 | D:7      | Reached skill level 6 in Armour
  6983 | D:8      | Noticed Leafly's ghost (novice FoFi)
  7038 | D:8      | Killed Leafly's ghost
  7038 | D:8      | Reached skill level 7 in Armour
  7038 | D:8      | Reached skill level 5 in Dodging
  7108 | D:8      | Reached ***** piety under Lugonu
  7507 | D:8      | Reached skill level 5 in Shields
  7861 | D:9      | Gained mutation: You regenerate health from kills. [demonic ancestry]
  7861 | D:9      | Reached XP level 10. HP: 56/68 MP: 12/12
  8151 | D:9      | Found a staircase to the Lair.
  8283 | D:10     | Noticed a hill giant
  8291 | D:10     | Killed a hill giant
  8552 | D:5      | Bought a +1 plate armour of positive energy for 384 gold pieces
  8742 | D:7      | Found a radiant altar of Vehumet.
  8860 | D:7      | Killed an unseen horror
  8860 | D:7      | Reached skill level 8 in Armour
  9204 | D:7      | Gained mutation: Your muscles are very strong. (Str +4) [mutagenic meat]
  9205 | D:7      | Gained mutation: You evolve. [mutagenic meat]
  9207 | D:7      | Lost mutation: You are clumsy. (Dex -2) [mutagenic meat]
  9208 | D:7      | Gained mutation: You have a pair of horns on your head. [mutagenic meat]
  9452 | D:11     | Killed an unseen horror
  9498 | D:11     | Found a staircase to the Orcish Mines.
  9575 | D:11     | Noticed a cyclops
  9592 | D:11     | Killed a cyclops
  9634 | D:11     | Reached ****** piety under Lugonu
  9679 | D:11     | Noticed a red ugly thing
  9691 | D:11     | Banished a red ugly thing
  9691 | D:11     | Reached skill level 9 in Armour
  9697 | D:11     | Gained mutation: You sometimes gain power by taking damage. [demonic ancestry]
  9697 | D:11     | Reached XP level 11. HP: 11/74 MP: 5/13
 10271 | Orc:1    | Entered Level 1 of the Orcish Mines
 10470 | Orc:1    | Noticed an orc sorcerer
 10482 | Orc:1    | Killed an orc sorcerer
 10692 | Orc:1    | Noticed an orc sorcerer
 10700 | Orc:1    | Killed an orc sorcerer
 10794 | Orc:2    | Entered Level 2 of the Orcish Mines
 10808 | Orc:2    | Noticed an orc sorcerer
 10857 | Orc:2    | Noticed an orc knight
 10860 | Orc:2    | Found Esasog's Food Boutique.
 10860 | Orc:2    | Found Tuorya's General Store.
 10861 | Abyss:1  | Noticed a tentacled monstrosity
 10871 | Orc:2    | Escaped the Abyss
 10874 | Orc:2    | Mangled by an orc warrior

Skill      XL: |  1  2  3  4  5  6  7  8  9 10 11 |
---------------+----------------------------------+-----
Dodging        | 1 2 3 4 5 |  5.8
Axes           | 2 3 5 6 7 |  7.4
Fighting       | 4 5 6 7 |  7.4
Armour         | 2 3 4 5 7 9 |  9.4
Stealth        | 1 |  1.5
Shields        | 1 3 5 7 |  7.7
Invocations    | 3 |  3.1
Throwing       | |  0.1

Action                   |  1- 3 |  4- 6 |  7- 9 | 10-12 || total
-------------------------+-------+-------+-------+-------++-------
Melee: Hand axe          |   148 |    95 |       |       ||   243
       Kick              |       |     8 |       |       ||     8
       War axe           |       |   182 |   638 |   369 ||  1189
       Headbutt          |       |       |    89 |    95 ||   184
Throw: Tomahawk          |       |       |       |     1 ||     1
Invok: Depart the Abyss  |     1 |       |       |     1 ||     2
       Banish            |       |       |     1 |     2 ||     3
       Bend Space        |       |       |       |     2 ||     2
       Enter the Abyss   |       |       |       |     1 ||     1
  Use: Potion            |       |     9 |     5 |     3 ||    17
       Scroll            |       |       |    23 |     1 ||    24
 Stab: Sleeping          |     1 |       |       |       ||     1
       Invisible         |       |       |     3 |       ||     3
  Eat: Chunk             |     2 |     6 |    20 |    13 ||    41
       Bread ration      |       |     1 |       |       ||     1
       Meat ration       |       |       |     3 |       ||     3
       Fruit             |       |       |       |     3 ||     3
Armor: Leather armour    |    64 |       |       |       ||    64
       Scale mail        |    11 |   257 |   224 |       ||   492
       Chain mail        |       |       |   343 |     7 ||   350
       Plate armour      |       |       |       |   249 ||   249
Dodge: Dodged            |   113 |   227 |   246 |    74 ||   660
Block: Large shield      |       |       |   498 |   390 ||   888
